General information
- name: BNet
- type: Ladder team game (AT/RT)
- host: Battle.net
- saver: bo_schembechler
map: FullScaleAssault
- players: 8
- length: 74:09
- speed: Fast
- version: 1.21 W3XP
- replay type: Public
» download(326 KB)
Players
team 1 (loser)

»
hordeplayerftw (
green | 28 APM | 1863 actions | 67:36)
7 Naga Sea Witch
3 Forked Lightning
3 Mana Shield
1 Tornado
7 Priestess of the Moon
3 Trueshot Aura
2 Searing Arrows
1 Starfall
1 Scout
6 Keeper of the Grove
3 Force of Nature
2 Thorns Aura
1 Tranquility
» actions
| Assign group hotkey | 27 | |
| Build / train | 95 | |
| Enter build submenu | 37 | |
| Enter hero's abilities submenu | 21 | |
| Give item / drop item | 14 | |
| Right click | 827 | |
| Select / deselect | 430 | |
| Select group hotkey | 285 | |
| Use ability | 127 | |
1863 total
» units
| Wisp | 27 | |
| Huntress | 5 | |
| Chimaera | 8 | |
| Dryad | 5 | |
| Blue Drake | 1 | |
| Blue Dragon Whelp | 1 | |
| Glaive Thrower | 2 | |
| Goblin Zeppelin | 2 | |
51 total
» upgrades
| Moon Armor | 3 | |
| Strength of the Moon | 3 | |
| Sentinel | 1 | |
| Ultravision | 1 | |
| Strength of the Wild | 3 | |
| Upgrade Moon Glaive | 1 | |
| Corrosive Breath | 1 | |
| Reinforced Hides | 3 | |
| Well Spring | 1 | |
| Nature's Blessing | 1 | |
| Vorpal Blades | 1 | |
19 total
» buildings
| Moon Well | 18 | |
| Altar of Elders | 1 | |
| Ancient of War | 2 | |
| Hunter's Hall | 1 | |
| Ancient of Wonders | 1 | |
| Tree of Ages | 1 | |
| Tree of Life | 2 | |
| Tree of Eternity | 1 | |
| Ancient of Wind | 1 | |
| Chimaera Roost | 3 | |
| Ancient Protector | 4 | |
| Ancient of Lore | 2 | |
37 total
» build order
00:07 Moon Well
00:11 Altar of Elders
00:31 Ancient of War
01:40 Ancient of War
02:03 Moon Well
02:29 Hunter's Hall
02:46 Ancient of Wonders
03:10 Moon Well
04:03 Tree of Ages
05:50 Moon Well
07:43 Tree of Life
09:17 Tree of Eternity
11:59 Ancient of Wind
12:06 Moon Well
12:10 Moon Well
13:16 Chimaera Roost
13:19 Chimaera Roost
14:44 Chimaera Roost
14:52 Ancient Protector
18:32 Moon Well
18:36 Moon Well
18:40 Moon Well
23:59 Ancient Protector
24:02 Ancient Protector
24:06 Ancient Protector
24:08 Moon Well
25:12 Moon Well
29:01 Tree of Life
29:04 Moon Well
29:06 Moon Well
29:09 Moon Well
29:12 Moon Well
29:20 Moon Well
30:03 Ancient of Lore
30:08 Ancient of Lore
30:32 Moon Well
32:47 Moon Well
GoPracticeVScpu (
pink | 34 APM | 2032 actions | 60:23)
5 Goblin Alchemist
3 Chemical Rage
2 Acid Bomb
4 Priestess of the Moon
1 Searing Arrows
1 Scout
2 Trueshot Aura
4 Keeper of the Grove
2 Entangling Roots
2 Thorns Aura
» actions
| Assign group hotkey | 25 | |
| Build / train | 153 | |
| Enter build submenu | 33 | |
| Enter hero's abilities submenu | 14 | |
| Give item / drop item | 4 | |
| Remove unit from queue | 2 | |
| Right click | 739 | |
| Select / deselect | 628 | |
| Select group hotkey | 255 | |
| Use ability | 179 | |
2032 total
» units
| Wisp | 49 | |
| Archer | 16 | |
| Goblin Zeppelin | 5 | |
| Goblin Sapper | 2 | |
| Hippogryph | 12 | |
| Druid of the Talon | 7 | |
| Blue Dragon | 1 | |
92 total
» upgrades
| Improved Bows | 1 | |
| Strength of the Moon | 3 | |
| Moon Armor | 3 | |
| Marksmanship | 1 | |
| Well Spring | 1 | |
| Strength of the Wild | 3 | |
| Reinforced Hides | 3 | |
| Ultravision | 1 | |
| Hippogryph Taming | 1 | |
| Druid of the Talon Training | 2 | |
| Nature's Blessing | 1 | |
| Backpack | 1 | |
21 total
» buildings
| Altar of Elders | 1 | |
| Moon Well | 29 | |
| Ancient of War | 2 | |
| Tree of Life | 5 | |
| Tree of Ages | 3 | |
| Hunter's Hall | 1 | |
| Tree of Eternity | 2 | |
| Ancient Protector | 8 | |
| Ancient of Wonders | 2 | |
| Ancient of Wind | 2 | |
55 total
» build order
00:11 Altar of Elders
00:18 Moon Well
01:18 Moon Well
01:26 Ancient of War
01:46 Moon Well
02:08 Ancient of War
03:04 Moon Well
05:07 Tree of Life
05:42 Tree of Ages
07:24 Moon Well
07:26 Moon Well
07:34 Hunter's Hall
09:21 Tree of Life
09:46 Tree of Eternity
09:53 Moon Well
09:57 Moon Well
13:01 Moon Well
13:03 Moon Well
13:04 Moon Well
13:07 Moon Well
13:08 Moon Well
13:10 Moon Well
14:34 Tree of Life
19:26 Tree of Life
20:28 Tree of Life
21:12 Ancient Protector
21:18 Ancient Protector
21:27 Ancient Protector
21:33 Ancient Protector
25:39 Ancient of Wonders
26:35 Moon Well
26:36 Moon Well
26:37 Moon Well
26:39 Moon Well
26:41 Moon Well
29:58 Moon Well
29:59 Moon Well
30:01 Moon Well
30:05 Moon Well
30:06 Moon Well
30:09 Moon Well
30:15 Ancient Protector
30:38 Ancient of Wind
30:40 Ancient of Wind
32:37 Tree of Ages
32:40 Tree of Ages
34:32 Ancient Protector
34:33 Ancient Protector
34:36 Ancient Protector
38:13 Ancient of Wonders
38:18 Moon Well
38:19 Moon Well
38:20 Moon Well
38:21 Moon Well
52:04 Tree of Eternity
» items
| Scroll of Town Portal | 6 | |
| Orb of Venom | 3 | |
| Moonstone | 2 | |
| Potion of Healing | 3 | |
| Potion of Mana | 2 | |
| Staff of Preservation | 1 | |
17 total
farthammer (
yellow | 35 APM | 2612 actions | 74:06)
7 Dark Ranger
3 Black Arrow
2 Silence
1 Charm
1 Life Drain
5 Goblin Tinker
2 Pocket Factory
3 Cluster Rockets
» actions
| Assign group hotkey | 3 | |
| Basic commands | 41 | |
| Build / train | 104 | |
| Enter build submenu | 22 | |
| Enter hero's abilities submenu | 13 | |
| Right click | 1378 | |
| Select / deselect | 927 | |
| Select group hotkey | 7 | |
| Use ability | 116 | |
2612 total
» units
| Wisp | 22 | |
| Archer | 18 | |
| Druid of the Claw | 10 | |
| Goblin Zeppelin | 1 | |
| Goblin Sapper | 2 | |
| Glaive Thrower | 6 | |
| Chimaera | 1 | |
| Dryad | 2 | |
| Hippogryph | 8 | |
70 total
» upgrades
| Ultravision | 1 | |
| Improved Bows | 1 | |
| Druid of the Claw Training | 2 | |
| Strength of the Wild | 3 | |
| Reinforced Hides | 3 | |
| Marksmanship | 1 | |
| Mark of the Claw | 1 | |
| Strength of the Moon | 3 | |
| Vorpal Blades | 1 | |
| Corrosive Breath | 1 | |
17 total
» buildings
| Altar of Elders | 1 | |
| Hunter's Hall | 1 | |
| Moon Well | 8 | |
| Ancient Protector | 2 | |
| Ancient of War | 2 | |
| Tree of Ages | 1 | |
| Ancient of Lore | 2 | |
| Tree of Eternity | 1 | |
| Ancient of Wonders | 1 | |
| Tree of Life | 2 | |
| Ancient of Wind | 1 | |
| Chimaera Roost | 2 | |
24 total
» build order
01:55 Altar of Elders
02:21 Hunter's Hall
02:42 Moon Well
03:05 Moon Well
03:30 Ancient Protector
04:40 Ancient of War
04:43 Ancient of War
05:18 Moon Well
05:54 Tree of Ages
08:21 Ancient of Lore
08:25 Ancient of Lore
09:27 Ancient Protector
09:31 Moon Well
11:30 Moon Well
11:35 Tree of Eternity
14:16 Ancient of Wonders
15:10 Moon Well
17:34 Tree of Life
19:37 Moon Well
22:36 Tree of Life
25:12 Moon Well
49:05 Ancient of Wind
50:48 Chimaera Roost
50:49 Chimaera Roost
» items
Il_HuNtErDoWn_I (
purple | 13 APM | 835 actions | 62:42)
5 Crypt Lord
3 Spiked Carapace
1 Locust Swarm
1 Impale
» actions
| Assign group hotkey | 4 | |
| Basic commands | 2 | |
| Build / train | 50 | |
| Enter build submenu | 26 | |
| Enter hero's abilities submenu | 3 | |
| Remove unit from queue | 1 | |
| Right click | 312 | |
| Select / deselect | 323 | |
| Select group hotkey | 83 | |
| Use ability | 31 | |
835 total
» units
| Acolyte | 3 | |
| Crypt Fiend | 13 | |
| Ghoul | 5 | |
| Frost Wyrm | 5 | |
26 total
» upgrades
| Creature Attack | 3 | |
| Creature Carapace | 3 | |
| Web | 1 | |
| Freezing Breath | 1 | |
8 total
» buildings
| Altar of Darkness | 1 | |
| Ziggurat | 22 | |
| Graveyard | 1 | |
| Crypt | 2 | |
| Halls of the Dead | 1 | |
| Spirit Tower | 6 | |
| Black Citadel | 1 | |
| Sacrificial Pit | 1 | |
| Boneyard | 2 | |
37 total
» build order
00:06 Altar of Darkness
00:13 Ziggurat
00:34 Ziggurat
01:31 Graveyard
01:45 Crypt
01:54 Crypt
02:27 Ziggurat
05:46 Halls of the Dead
08:34 Spirit Tower
08:43 Ziggurat
08:48 Ziggurat
08:52 Ziggurat
10:16 Spirit Tower
12:14 Black Citadel
12:38 Sacrificial Pit
16:22 Boneyard
16:27 Boneyard
20:32 Ziggurat
20:38 Ziggurat
20:46 Ziggurat
21:51 Spirit Tower
27:38 Ziggurat
27:45 Ziggurat
27:47 Ziggurat
27:50 Ziggurat
27:56 Ziggurat
28:00 Ziggurat
28:12 Ziggurat
29:34 Spirit Tower
29:48 Spirit Tower
29:58 Ziggurat
30:00 Ziggurat
30:14 Ziggurat
30:15 Ziggurat
30:17 Ziggurat
30:22 Ziggurat
32:45 Spirit Tower
team 2 (winner)
bo_schembechler (
teal | 54 APM | 4024 actions | 74:09)
10 Blood Mage
3 Flame Strike
3 Siphon Mana
1 Summon Phoenix
3 Banish
9 Paladin
3 Holy Light
3 Divine Shield
3 Devotion Aura
9 Mountain King
3 Storm Bolt
3 Bash
1 Avatar
2 Thunder Clap
» actions
| Assign group hotkey | 48 | |
| Basic commands | 39 | |
| Build / train | 159 | |
| ESC pressed | 2 | |
| Enter build submenu | 67 | |
| Enter hero's abilities submenu | 28 | |
| Give item / drop item | 3 | |
| Remove unit from queue | 2 | |
| Right click | 1180 | |
| Select / deselect | 676 | |
| Select group hotkey | 1233 | |
| Use ability | 587 | |
4024 total
» units
| Peasant | 23 | |
| Dragonhawk Rider | 17 | |
| Sorceress | 1 | |
| Mortar Team | 4 | |
45 total
» upgrades
| Masonry | 3 | |
| Lumber Harvesting | 2 | |
| Magic Sentry | 1 | |
| Armor | 3 | |
| Animal War Training | 1 | |
| Swords | 3 | |
| Cloud | 1 | |
| Sorceress Training | 1 | |
| Gunpowder | 3 | |
18 total
» buildings
| Lumber Mill | 3 | |
| Farm | 11 | |
| Scout Tower | 111 | |
| Guard Tower | 42 | |
| Altar of Kings | 1 | |
| Keep | 1 | |
| Town Hall | 5 | |
| Arcane Sanctum | 1 | |
| Gryphon Aviary | 3 | |
| Castle | 1 | |
| Arcane Vault | 2 | |
| Barracks | 1 | |
| Blacksmith | 2 | |
| Arcane Tower | 3 | |
| Workshop | 3 | |
190 total
» build order
00:16 Lumber Mill
00:36 Farm
01:44 Scout Tower
01:46 Scout Tower
01:50 Scout Tower
01:55 Scout Tower
01:57 Scout Tower
01:57 Scout Tower
02:08 Farm
02:16 Guard Tower
02:22 Guard Tower
02:31 Guard Tower
02:40 Guard Tower
02:44 Scout Tower
02:48 Scout Tower
02:51 Scout Tower
02:56 Scout Tower
02:57 Scout Tower
03:08 Guard Tower
03:17 Guard Tower
03:23 Scout Tower
03:24 Scout Tower
03:39 Guard Tower
03:40 Guard Tower
03:48 Scout Tower
03:51 Scout Tower
04:04 Guard Tower
04:18 Guard Tower
04:21 Scout Tower
04:25 Scout Tower
04:26 Scout Tower
04:33 Guard Tower
04:34 Guard Tower
04:47 Guard Tower
04:51 Guard Tower
05:03 Scout Tower
05:16 Guard Tower
05:18 Scout Tower
05:19 Scout Tower
05:20 Scout Tower
05:21 Scout Tower
05:29 Guard Tower
05:33 Guard Tower
05:35 Scout Tower
05:38 Scout Tower
05:42 Scout Tower
05:42 Scout Tower
05:54 Guard Tower
06:09 Altar of Kings
06:10 Farm
06:26 Scout Tower
06:27 Scout Tower
06:29 Scout Tower
06:30 Scout Tower
06:31 Guard Tower
06:39 Scout Tower
06:40 Scout Tower
06:44 Guard Tower
06:53 Guard Tower
06:58 Scout Tower
06:59 Scout Tower
07:08 Scout Tower
07:08 Scout Tower
07:11 Guard Tower
07:22 Guard Tower
07:45 Guard Tower
07:49 Scout Tower
07:50 Scout Tower
07:51 Scout Tower
08:10 Scout Tower
08:10 Scout Tower
08:22 Guard Tower
09:02 Guard Tower
09:06 Guard Tower
10:08 Guard Tower
10:12 Guard Tower
10:25 Guard Tower
10:46 Lumber Mill
11:01 Scout Tower
11:01 Scout Tower
11:02 Scout Tower
11:03 Scout Tower
11:03 Scout Tower
11:08 Scout Tower
11:09 Scout Tower
11:10 Scout Tower
11:11 Scout Tower
11:12 Scout Tower
11:13 Scout Tower
11:15 Scout Tower
11:16 Scout Tower
11:17 Scout Tower
11:28 Scout Tower
11:32 Scout Tower
11:33 Scout Tower
11:34 Scout Tower
11:36 Scout Tower
11:37 Scout Tower
11:38 Scout Tower
11:39 Scout Tower
11:39 Scout Tower
11:40 Scout Tower
11:41 Scout Tower
11:42 Scout Tower
11:43 Scout Tower
11:44 Scout Tower
11:46 Scout Tower
11:47 Scout Tower
11:48 Scout Tower
12:20 Keep
12:27 Farm
12:27 Farm
12:36 Guard Tower
12:40 Guard Tower
15:15 Town Hall
15:27 Town Hall
16:05 Guard Tower
16:07 Guard Tower
16:41 Guard Tower
17:07 Scout Tower
17:08 Scout Tower
17:09 Scout Tower
17:12 Scout Tower
17:12 Scout Tower
17:13 Scout Tower
17:15 Scout Tower
17:16 Scout Tower
17:18 Scout Tower
17:18 Scout Tower
17:28 Scout Tower
17:46 Arcane Sanctum
17:49 Gryphon Aviary
18:03 Guard Tower
18:13 Guard Tower
19:32 Guard Tower
19:57 Castle
20:14 Arcane Vault
20:42 Guard Tower
20:46 Arcane Vault
21:32 Lumber Mill
22:11 Guard Tower
25:09 Gryphon Aviary
25:16 Barracks
25:18 Blacksmith
25:39 Gryphon Aviary
25:44 Farm
25:44 Farm
25:44 Farm
25:44 Farm
25:45 Farm
25:53 Scout Tower
25:53 Scout Tower
25:54 Scout Tower
25:54 Scout Tower
25:55 Scout Tower
25:55 Scout Tower
25:55 Scout Tower
25:56 Scout Tower
25:56 Scout Tower
25:59 Scout Tower
25:59 Scout Tower
26:01 Scout Tower
27:22 Blacksmith
27:55 Guard Tower
29:21 Town Hall
30:28 Town Hall
32:45 Scout Tower
32:45 Scout Tower
32:45 Scout Tower
32:46 Scout Tower
32:46 Scout Tower
32:46 Scout Tower
32:47 Scout Tower
32:47 Scout Tower
32:48 Scout Tower
34:34 Arcane Tower
43:24 Arcane Tower
43:57 Scout Tower
43:57 Scout Tower
43:57 Scout Tower
50:54 Arcane Tower
57:52 Town Hall
69:13 Workshop
69:16 Workshop
69:16 Workshop
» items
| Boots of Speed | 3 | |
| Staff of Teleportation | 3 | |
| Periapt of Vitality | 2 | |
| Circlet of Nobility | 2 | |
| Staff of Sanctuary | 3 | |
| Orb of Fire | 2 | |
15 total

»
Whaliefishy (
red | 25 APM | 1017 actions | 41:15)
3 Far Seer
1 Far Sight
1 Chain Lighting
1 Feral Spirit
» actions
| Build / train | 123 | |
| Enter build submenu | 36 | |
| Enter hero's abilities submenu | 3 | |
| Give item / drop item | 7 | |
| Remove unit from queue | 17 | |
| Right click | 318 | |
| Select / deselect | 440 | |
| Use ability | 73 | |
1017 total
» units
| Peon | 29 | |
| Grunt | 10 | |
| Demolisher | 8 | |
| Troll Headhunter/Berserker | 20 | |
| Goblin Zeppelin | 1 | |
68 total
» upgrades
| Melee Weapons | 3 | |
| Armor | 4 | |
| Berserker Strength | 1 | |
| Pillage | 1 | |
| Spiked Barricades | 3 | |
| Reinforced Defenses | 1 | |
| Ranged Weapons | 3 | |
| Troll Regeneration | 1 | |
| Berserker Upgrade | 1 | |
| Backpack | 1 | |
| Burning Oil | 1 | |
20 total
» buildings
| Barracks | 4 | |
| Altar of Storms | 1 | |
| Orc Burrow | 7 | |
| War Mill | 2 | |
| Stronghold | 1 | |
| Great Hall | 1 | |
| Fortress | 1 | |
| Watch Tower | 18 | |
| Voodoo Lounge | 1 | |
36 total
» build order
00:05 Barracks
00:08 Altar of Storms
01:03 Orc Burrow
01:19 War Mill
02:01 Orc Burrow
04:30 Orc Burrow
05:29 Orc Burrow
06:09 Stronghold
07:13 Great Hall
08:35 Fortress
12:00 War Mill
17:00 Orc Burrow
19:08 Watch Tower
19:13 Watch Tower
20:28 Watch Tower
20:31 Watch Tower
21:04 Watch Tower
21:07 Watch Tower
21:36 Watch Tower
21:41 Watch Tower
21:59 Watch Tower
22:16 Watch Tower
22:20 Watch Tower
22:53 Watch Tower
22:57 Watch Tower
24:00 Watch Tower
24:06 Watch Tower
24:09 Watch Tower
24:12 Watch Tower
24:16 Watch Tower
30:16 Barracks
30:20 Barracks
30:26 Barracks
32:36 Voodoo Lounge
32:58 Orc Burrow
34:23 Orc Burrow
» items
| Potion of Mana | 3 | |
| Orb of Fire | 5 | |
| Lesser Clarity Potion | 2 | |
| Orb of Lightning | 2 | |
12 total

»
winsumlosesum (
orange | 24 APM | 970 actions | 40:43)
6 Archmage
2 Summon Water Elemental
3 Blizzard
1 Mass Teleport
» actions
| Assign group hotkey | 8 | |
| Build / train | 111 | |
| Enter build submenu | 29 | |
| Enter hero's abilities submenu | 6 | |
| Give item / drop item | 1 | |
| Right click | 390 | |
| Select / deselect | 305 | |
| Select group hotkey | 77 | |
| Use ability | 43 | |
970 total
» units
| Peasant | 19 | |
| Footman | 10 | |
| Rifleman | 6 | |
| Gryphon Rider | 28 | |
| Knight | 10 | |
| Siege Engine | 4 | |
| Mortar Team | 4 | |
| Goblin Zeppelin | 1 | |
82 total
» upgrades
| Armor | 3 | |
| Masonry | 2 | |
| Gunpowder | 3 | |
| Lumber Harvesting | 2 | |
| Long Rifles | 1 | |
| Storm Hammers | 1 | |
| Animal War Training | 1 | |
| Swords | 3 | |
| Plating | 3 | |
| Barrage | 1 | |
20 total
» buildings
| Farm | 14 | |
| Altar of Kings | 1 | |
| Lumber Mill | 1 | |
| Barracks | 2 | |
| Blacksmith | 1 | |
| Town Hall | 2 | |
| Keep | 1 | |
| Gryphon Aviary | 3 | |
| Castle | 1 | |
| Workshop | 2 | |
28 total
» build order
00:10 Farm
00:42 Farm
01:09 Altar of Kings
01:21 Lumber Mill
02:04 Barracks
02:42 Farm
03:09 Farm
03:35 Barracks
03:58 Farm
04:24 Farm
05:14 Blacksmith
06:31 Town Hall
08:10 Keep
08:33 Farm
08:40 Farm
08:59 Farm
10:12 Farm
10:33 Gryphon Aviary
10:39 Gryphon Aviary
10:56 Farm
11:59 Farm
12:24 Castle
12:50 Farm
13:51 Gryphon Aviary
26:20 Town Hall
26:57 Farm
30:30 Workshop
31:09 Workshop

»
pwnt7 (
blue | 23 APM | 1322 actions | 57:26)
5 Priestess of the Moon
3 Trueshot Aura
2 Searing Arrows
1 Demon Hunter
1 Immolation
1 Keeper of the Grove
1 Entangling Roots
1 Far Seer
1 Chain Lighting
» actions
| Assign group hotkey | 8 | |
| Basic commands | 16 | |
| Build / train | 197 | |
| Enter build submenu | 28 | |
| Enter hero's abilities submenu | 8 | |
| Remove unit from queue | 24 | |
| Right click | 421 | |
| Select / deselect | 407 | |
| Select group hotkey | 115 | |
| Use ability | 98 | |
1322 total
» units
| Wisp | 79 | |
| Archer | 6 | |
| Huntress | 3 | |
| Dryad | 11 | |
| Goblin Zeppelin | 2 | |
| Peon | 34 | |
| Peasant | 2 | |
137 total
» upgrades
| Strength of the Moon | 3 | |
| Strength of the Wild | 3 | |
| Ultravision | 1 | |
| Moon Armor | 1 | |
| Reinforced Hides | 3 | |
| Abolish Magic | 1 | |
| Improved Bows | 1 | |
| Sentinel | 1 | |
| Well Spring | 1 | |
| Marksmanship | 1 | |
16 total
» buildings
| Moon Well | 13 | |
| Altar of Elders | 1 | |
| Ancient of War | 1 | |
| Hunter's Hall | 1 | |
| Tree of Ages | 1 | |
| Ancient of Wonders | 1 | |
| Ancient of Lore | 2 | |
| Tree of Eternity | 1 | |
| Ancient of Wind | 1 | |
| Tree of Life | 2 | |
| Arcane Tower | 1 | |
| Great Hall | 2 | |
27 total
» build order
00:40 Moon Well
00:44 Altar of Elders
01:41 Ancient of War
02:14 Moon Well
03:41 Moon Well
04:22 Moon Well
04:38 Moon Well
04:41 Moon Well
05:20 Hunter's Hall
06:12 Tree of Ages
07:51 Ancient of Wonders
08:29 Moon Well
09:00 Ancient of Lore
09:07 Ancient of Lore
10:52 Moon Well
12:41 Moon Well
14:56 Tree of Eternity
15:05 Moon Well
16:01 Moon Well
17:01 Moon Well
19:10 Moon Well
20:27 Ancient of Wind
24:52 Tree of Life
41:26 Arcane Tower
45:08 Great Hall
45:10 Great Hall
45:18 Tree of Life
45:40 Tree of Ages
» items
| Orb of Fire | 1 | |
| Ivory Tower | 4 | |
| Mechanical Critter | 1 | |
6 total
Chat log
(01:31 / Allies) pwnt7: rush
(03:02 / Allies) pwnt7: are we rushing?
(03:14 / All) GoPracticeVScpu: rushing
(03:18 / All) GoPracticeVScpu: u could have just asked....
(03:27 / Allies) winsumlosesum: tower nut
(03:44 / Allies) Whaliefishy: grunt mass here
(03:58 / Allies) pwnt7: shud i build moon wells by the towers?
(04:00 / Allies) Whaliefishy: easiest trick in the book, usually works
(04:02 / Allies) Whaliefishy: Yea
(04:08 / Allies) pwnt7: teal. get an arcane tower
(04:10 / Allies) Whaliefishy: that way we can heal faster
(04:46 / Allies) Whaliefishy: bo_schembechler
(04:49 / Allies) Whaliefishy: get some arcane tower
(05:05 / Allies) pwnt7: gold plz
(05:49 / Allies) Whaliefishy: 1 undead
(05:51 / Allies) Whaliefishy: all rest NE
(05:53 / Allies) Whaliefishy: blue
(05:56 / Allies) Whaliefishy: get dryads
(07:29 / Allies) Whaliefishy: nlue
(07:31 / Allies) Whaliefishy: blue
(07:37 / Allies) Whaliefishy: make wells auto-heal
(08:08 / Allies) pwnt7: wow nice teal lol
(08:10 / Allies) pwnt7: make some arcanes though
(08:14 / Allies) pwnt7: to burn hero mana
(08:15 / Allies) Whaliefishy: amazing
(08:28 / Allies) Whaliefishy: and to check shadow melded units
(09:04 / Allies) Whaliefishy: lumber base
(09:17 / Allies) Whaliefishy: just get lumber there
(09:24 / Allies) Whaliefishy: k?
(13:30 / All) farthammer: u boy like to fuckin peep
(13:48 / All) Whaliefishy: nice base
(13:50 / All) Whaliefishy: going bears?
(13:57 / All) pwnt7: yeah howd u know'
(14:04 / All) pwnt7: u think ur shades are so cool
(14:30 / All) Whaliefishy: pink
(14:33 / All) Whaliefishy: going chims?
(14:45 / All) Whaliefishy: puro
(14:50 / All) Whaliefishy: nice spitters
(14:56 / All) GoPracticeVScpu: do u see any chims...
(15:02 / All) Whaliefishy: naw
(15:03 / All) GoPracticeVScpu: DUH I'm going archers...
(15:05 / All) Whaliefishy: im predicting
(15:07 / All) Whaliefishy: Ohhh
(15:11 / All) Whaliefishy: the weakest link
(15:14 / All) Whaliefishy: thanks
(15:24 / Allies) pwnt7: teal, put a sentry at my base
(15:41 / All) Whaliefishy: green
(15:43 / All) Whaliefishy: going hippos?
(16:07 / Allies) Whaliefishy: teal ova there
(16:15 / Allies) Whaliefishy: get more of the guards
(16:23 / Allies) Whaliefishy: keep going
(16:36 / Allies) Whaliefishy: use that
(16:39 / Allies) Whaliefishy: make mroe guards
(16:46 / Allies) Whaliefishy: there ya go
(17:08 / All) GoPracticeVScpu: two can play that game...
(18:18 / All) GoPracticeVScpu: lol
(18:19 / All) GoPracticeVScpu: wow
(18:28 / Allies) Whaliefishy: ill attack
(18:31 / Allies) Whaliefishy: u guys defend
(18:43 / Allies) Whaliefishy: k?
(18:49 / Allies) pwnt7: w8
(19:07 / All) GoPracticeVScpu: thanks for that experience blue..
(19:59 / Allies) Whaliefishy: time to get resources
(20:10 / Allies) Whaliefishy: CHIMS
(20:10 / Allies) Whaliefishy: BLUE
(20:12 / Allies) Whaliefishy: READY?
(20:50 / All) hordeplayerftw: step it up tower boys
(20:56 / All) hordeplayerftw: getting old
(21:08 / All) GoPracticeVScpu: i'm having fun :)
(23:19 / Allies) Whaliefishy: guys
(23:20 / Allies) Whaliefishy: my friend
(23:25 / Allies) Whaliefishy: is being retarded
(23:30 / Allies) Whaliefishy: oh nvm
(23:36 / Allies) Whaliefishy: he says
(23:39 / Allies) Whaliefishy: join join
(23:41 / Allies) Whaliefishy: then he says
(23:45 / Allies) Whaliefishy: wait im not remaking
(23:45 / Allies) Whaliefishy: lol
(23:47 / Allies) Whaliefishy: nvm
(23:56 / Allies) winsumlosesum: when do we attack
(24:02 / Allies) Whaliefishy: whenever
(24:28 / Allies) Whaliefishy: blue
(24:30 / Allies) Whaliefishy: send dryads
(25:05 / Allies) pwnt7: attack now
(25:09 / Allies) Whaliefishy: k
(25:10 / Allies) Whaliefishy: gogogogo
(25:22 / Allies) Whaliefishy: i aint goin first
(25:24 / Allies) Whaliefishy: u guys haveta
(26:58 / Allies) Whaliefishy: attack
(29:38 / Allies) pwnt7: who needs lumber?
(29:49 / Allies) winsumlosesum: we need armies
(30:01 / Allies) winsumlosesum: blue did nothing
(30:10 / Allies) winsumlosesum: red is useless
(30:20 / Allies) winsumlosesum: and teal is a tower nut
(30:27 / Allies) Whaliefishy: naw
(30:30 / Allies) Whaliefishy: im making stuff now
(31:26 / Allies) pwnt7: help teal lpz
(31:52 / Allies) pwnt7: nice teal
(31:55 / Allies) pwnt7: ty
(34:05 / Allies) Whaliefishy: check my inven
(34:13 / Allies) pwnt7: gold me
(34:20 / Allies) winsumlosesum: i need gold too
(34:26 / Allies) Whaliefishy: i have no mines
(34:38 / Allies) Whaliefishy: im saving the last one for when i need it
(34:59 / Allies) Whaliefishy: check my heroes inven
(35:00 / Allies) Whaliefishy: lo
(35:01 / Allies) Whaliefishy: lol
(35:16 / Allies) pwnt7: teal build closer to the ledge
(35:19 / Allies) pwnt7: then you can take out his base
(35:28 / Allies) pwnt7: build it in night so he cant see u
(35:32 / Allies) pwnt7: then attack in day
(36:39 / Allies) Whaliefishy: god blue
(36:54 / Allies) pwnt7: yeah lol
(37:05 / Allies) Whaliefishy: guys
(37:06 / Allies) pwnt7: dude teal use those hawklers
(37:09 / Allies) Whaliefishy: check out my heroes inven
(37:20 / Allies) pwnt7: lmao
(37:42 / All) Whaliefishy: pink nice base
(38:15 / Allies) pwnt7: get b get b
(38:50 / All) pwnt7: laughing my ass off
(38:55 / All) pwnt7: just kidding
(38:56 / Allies) pwnt7: \
(39:05 / All) pwnt7: its an expression'
(39:13 / All) pwnt7: my ass is actually completely intact
(39:26 / All) GoPracticeVScpu: thank goodnesss...
(39:27 / Allies) winsumlosesum: i am done no gold no mine
(39:30 / All) Whaliefishy: attack us
(39:53 / Allies) Whaliefishy: attack
(41:56 / All) GoPracticeVScpu: it's getin low...
(42:29 / All) GoPracticeVScpu: can someone kill purple...
(42:52 / All) GoPracticeVScpu: dude i dont know what u are trying to say but that's not english...
(47:30 / All) hordeplayerftw: lol
(49:32 / Allies) pwnt7: Cheat Enabled!
(49:49 / All) pwnt7: Cheat Enabled!
(49:52 / All) pwnt7: sweet
(49:59 / All) farthammer: lol u dick
(52:29 / All) pwnt7: my wisps will rape you
(52:50 / Allies) pwnt7: give me gold
(52:50 / Allies) pwnt7: fast
(52:52 / Allies) pwnt7: oplz
(52:53 / Allies) pwnt7: plz
(53:06 / Allies) pwnt7: I NEED GOLD
(53:08 / Allies) pwnt7: PLZ FAST
(58:07 / All) hordeplayerftw: no offense means eventually youll loose
(58:20 / All) hordeplayerftw: cause i hate idiot tower fucks
(59:27 / All) Il_HuNtErDoWn_I: teal
(59:40 / All) Il_HuNtErDoWn_I: why you dont leave
(60:24 / All) farthammer: teal u r so fuckin hella gay